Map: Kairos Junction LE

Players

ellie - Winner!

  • Race: Protoss Protoss
  • Spawn Location: 5:00

SAKERS

  • Race: Terran Terran
  • League: Diamond
  • Spawn Location: 11:00

VOD

Have the link to the VOD?

Description

Time

  • Played on: July 4, 2019, 4:30 a.m.
  • Length: 4:17
Show
View Real Time Build Order
Export as new Build Order

ellie Protoss - Winner!

Build Orders:  

Get SALT Encoding   

  12  0:01  Probe  
  13  0:13  Probe  
  14  0:19  Pylon  
  14  0:25  Probe  
  15  0:35  Probe  
  15  0:39  Gateway  
  16  0:43  Probe  
  16  0:48  Assimilator  
  17  0:52  Probe  
  19  1:04  Probe  
  19  1:11  Gateway  
  19  1:16  Probe  
  20  1:26  Zealot  
  20  1:28  Cybernetics Core  
  22  1:39  Probe  
  23  1:41  Pylon  
  23  1:55  Adept x2  
  23  2:07  Shield Battery  
  27  2:08  Warp Gate  
  27  2:17  Probe  
  27  2:33  Nexus  
  27  2:37  Stalker  
  29  2:57  Probe  
  30  3:02  Pylon  
  30  3:09  Probe  
  31  3:14  Twilight Council  
  31  3:16  Assimilator  
  31  3:21  Probe  
  32  3:45  Probe  
  32  3:46  Probe  
  32  3:57  Probe  
Show
View Real Time Build Order
Export as new Build Order

SAKERS Terran 

Build Orders: Gas First Reaper Expand 

Get SALT Encoding   

  12  0:01  SCV  
  13  0:13  SCV  
  14  0:17  Supply Depot  
  14  0:25  SCV  
  15  0:28  Refinery  
  15  0:38  SCV  
  16  0:45  Barracks  
  16  0:50  SCV  
  17  1:02  SCV  
  18  1:14  SCV  
  19  1:39  Reaper  
  20  1:40  Orbital Command  
  20  1:47  Command Center  
  20  2:03  Factory  
  20  2:05  SCV  
  21  2:14  Refinery, Supply Depot  
  21  2:19  Barracks Reactor  
  20  2:26  SCV  
  21  2:38  SCV  
  22  2:47  Bunker  
  20  2:54  Widow Mine  
  20  2:56  Barracks  
  20  2:57  Marine x2  
  23  3:02  SCV  
  21  3:14  Marine  
  21  3:15  Marine, Widow Mine  
  24  3:38  SCV  
  23  3:41  Marine  
  20  3:49  Marine  
  20  3:50  SCV, Widow Mine  
  22  3:59  Marine  
  22  4:02  SCV  
Tags
 
Add a new tag
Caveats
  • Supply blocks, unpowered buildings, or Contaminate may cause inaccurate times.
  • Supply counts are checked every 10 seconds.